 Seeded DCSS version 0.29.1-15-g9cfb28693d (webtiles) character file.

Game seed: 15908295855184678690 (custom seed)

9184 GigaChad the Severer (level 11, -5/97 HPs)
             Began as a Minotaur Gladiator on Mar 14, 2023.
             Was a High Priest of Okawaru.
             Slain by an orc warrior
             ... wielding a +0 short sword
             ... led by an orc high priest
              (11 damage)
             ... on level 1 of the Orcish Mines.
             The game lasted 00:15:46 (11095 turns).

GigaChad the Severer (Minotaur Gladiator)          Turns: 11095, Time: 00:15:47

Health: -5/97      AC:  9    Str: 28    XL:     11   Next: 19%
Magic:  10/10      EV: 13    Int:  5    God:    Okawaru [*****.]
Gold:   567        SH:  0    Dex: 13    Spells: 10/10 levels left

rFire   . . .      SeeInvis +   f - +2 battleaxe (elec)
rCold   . . .      Faith    .   (shield currently unavailable)
rNeg    . . .      Spirit   .   H - +0 swamp dragon scales
rPois   +          Reflect  .   c - +0 hat
rElec   .          Harm     .   (no cloak)
rCorr   .          Rampage  .   (no gloves)
Will    .....                   (no boots)
Stlth   +.........              (no amulet)
HPRegen 0.26/turn               i - ring of see invisible
MPRegen 0.12/turn               p - +6 ring of strength

@: no status effects
A: horns 2, retaliatory headbutt
a: Renounce Religion, Heroism, Finesse, Duel


You were on level 1 of the Orcish Mines.
You worshipped Okawaru.
Okawaru was extremely pleased with you.
You visited 3 branches of the dungeon, and saw 11 of its levels.

You collected 720 gold pieces.
You spent 153 gold pieces at shops.

Inventory:

Hand Weapons
 a - a +0 vorpal war axe
 f - a +2 battleaxe of electrocution (weapon)
 x - a +0 vorpal battleaxe
 y - a -1 executioner's axe
 G - a +0 war axe of flaming
Missiles
 d - 5 throwing nets (quivered)
 e - a javelin
Armour
 b - a +0 leather armour
 c - a +0 hat (worn)
 r - a +6 chain mail of poison resistance
 A - the +7 Kryia's mail coat {PotionHeal*2 rC+}
   (You found it on level 4 of the Dungeon)

   Potions are twice as effective at healing its wearer.
   rC:        It protects you from cold.
 H - +0 swamp dragon scales (worn)
 I - the +6 scale mail of Contentment {Rampage +Inv rC+ Str-4}
   (Okawaru gifted it to you on level 1 of the Orcish Mines)

   Str:       It affects your strength (-4).
   rC:        It protects you from cold.
   +Inv:      It lets you turn invisible.
   Rampage:   It bestows one free step when moving towards enemies.
Jewellery
 g - a +4 ring of evasion
 i - a ring of see invisible (left hand)
 m - a +6 ring of dexterity
 p - a +6 ring of strength (right hand)
Wands
 C - a wand of flame (30)
 D - a wand of digging (5)
Scrolls
 h - 3 scrolls of teleportation
 q - a scroll of noise
 s - 4 scrolls of identify
 w - a scroll of immolation
 F - a scroll of magic mapping {unknown}
Potions
 j - 9 potions of curing {unknown}
 k - 3 potions of brilliance {unknown}
 l - a potion of ambrosia {unknown}
 n - 3 potions of degeneration {unknown}
 o - 2 potions of mutation {unknown}
 t - a potion of haste {unknown}
 u - 3 potions of flight {unknown}
 v - a potion of cancellation {unknown}
 z - 3 potions of heal wounds {unknown}
 B - a potion of might {unknown}
 E - a potion of attraction {unknown}
Miscellaneous
 J - a lightning rod (4/4)


   Skills:
 + Level 9.4 Fighting
 + Level 15.4 Axes
 + Level 2.3 Throwing
 * Level 9.3 Armour
 * Level 5.8 Dodging
 * Level 2.1 Stealth


You had 10 spell levels left.
You didn't know any spells.
Your spell library contained the following spells:

 Spells                   Type           Power      Damage    Failure   Level
 Apportation              Tloc           0%         N/A       58%         1
 Alistair's Intoxication  Tmut/Pois      0%         N/A       100%        5
 Fireball                 Conj/Fire      0%         3d3       100%        5
 Iskenderun's Battlesphe  Conj           0%         2d6       100%        5
 Conjure Ball Lightning   Conj/Air       0%         3x3d6     100%        6
 Orb of Destruction       Conj           0%         9d5       100%        7


Dungeon Overview and Level Annotations

Branches:
Dungeon (9/15)             Temple (1/1) D:4            Lair (0/5) D:9
    Orc (1/2) D:9

Altars:
Ashenzari
Cheibriados
Dithmenos
Elyvilon
Fedhas
Gozag
Hepliaklqana
Kikubaaqudgha
Makhleb
Nemelex Xobeh
Okawaru
Qazlal
Ru
Sif Muna
Trog
Uskayaw
Vehumet
Wu Jian
Xom
Yredelemnul
Zin
The Shining One

Shops:
D:4 *   D:7 *


Innate Abilities, Weirdness & Mutations

You have a pair of horns on your head.
You reflexively headbutt those who attack you in melee.


Message History

The warg is heavily wounded.
The warg bites you but does no damage. The warg bites you!
The warg attacks as you move away! The warg bites you but does no damage.
The warg misses you.
The orc high priest utters an invocation to Beogh.
The warg barely misses you. The warg closely misses you.
The warg closely misses you. You furiously retaliate!
You headbutt the warg!
The orc high priest calls down the wrath of Beogh upon you.
Beogh smites you! The warg attacks as you move away!
The warg closely misses you. You furiously retaliate!
You headbutt the warg. The ogre attacks as you move away! The ogre misses you.
The warg bites you but does no damage. The warg barely misses you.
You furiously retaliate!
You headbutt the warg. The warg bites you! The warg attacks as you move away!
The warg bites you! The neqoxec gestures at you.
Something tries to feed on your intellect!
The warg barely misses you. The warg attacks as you move away!
The warg bites you! The warg attacks as you move away!
The warg closely misses you. The ogre hits you with a +0 giant club!
* * * LOW HITPOINT WARNING * * *
The warg attacks as you move away! The warg bites you!
* * * LOW HITPOINT WARNING * * *
The warg bites you.
* * * LOW HITPOINT WARNING * * *
The warg bites you but does no damage. x2; The ogre barely misses you.
The warg attacks as you move away! The warg bites you.
* * * LOW HITPOINT WARNING * * *
The orc warrior hits you but does no damage.
There is a stone staircase leading down here.
You can't go up here!
The warg closely misses you. The warg misses you. You furiously retaliate!
You headbutt the warg. The ogre hits you with a +0 giant club.
* * * LOW HITPOINT WARNING * * *
The orc high priest completely misses you.
The chaos spawn gores you but does no damage.
The orc warrior hits you with a +0 short sword!
You die...

#..#....#.......##.#.......#
.......#..................##
# #..............#..........#
#.##....#.......###........#.
.............................
........34.............#.....
........o.............###.#..
......##..o4...........##....
..... #...o@.........##.....
......##...Ohh.....####.#....
#.....#.#..........# #.....##
## #......#.#.#.## ##.#.###
#######.#.......##.########
##.#.##...............#.#.##
#....).....................#
##.#.#............#........#
######.##......##.#....#.##


You could see an orc high priest, an orange demon (summoned), a neqoxec
(summoned), a chaos spawn (summoned), 2 wargs, an orc warrior, an ogre and an
orc.

Vanquished Creatures
  A two-headed ogre (D:9)
  Maggie (D:7)
  Grinder (D:5)
  A shadow (D:9)
  Sigmund (D:3)
  11 yaks
  6 wyverns
  2 steam dragons
  2 wargs (Orc:1)
  7 water moccasins
  Duvessa (D:6)
  8 orc warriors
  4 ice beasts
  2 black bears
  2 centaurs
  4 ogres
  2 phantoms (D:5)
  A kobold brigand (D:8)
  A bullfrog (D:9)
  3 scorpions
  3 necrophages
  Dowan (D:6)
  5 killer bees (D:8)
  4 howler monkeys
  3 jellies
  9 orc priests
  3 hounds
  A gnoll bouda (D:8)
  Terence (D:3)
  An iguana (D:6)
  13 orc wizards
  Natasha (D:3)
  5 gnolls (D:8)
  7 adders
  2 shadow imps (D:6)
  An adder zombie (D:2)
  A worm (D:4)
  A dart slug (D:3)
  42 orcs
  A bat zombie (D:2)
  5 endoplasms
  2 giant cockroaches
  6 goblins
  5 hobgoblins
  2 jackals (D:2)
  2 quokkas (D:2)
  7 ball pythons
  4 bats
  6 frilled lizards
  14 kobolds
  7 rats
226 creatures vanquished.

Vanquished Creatures (others)
  A fungus (D:9)
  23 plants
24 creatures vanquished.

Grand Total: 250 creatures vanquished

Notes
Turn   | Place    | Note
-------+----------+-------------------------------------------
     0 | D:1      | GigaChad the Minotaur Gladiator began the quest for the
                  | Orb.
     0 | D:1      | Reached XP level 1. HP: 18/18 MP: 0/0
   238 | D:1      | Reached XP level 2. HP: 23/25 MP: 1/1
   266 | D:1      | Found a faded altar of an unknown god.
   550 | D:1      | Reached skill level 4 in Axes
   650 | D:1      | Identified a scroll of acquirement
   651 | D:1      | Acquired a +1 battleaxe of electrocution
  1199 | D:2      | Reached XP level 3. HP: 21/30 MP: 2/2
  1666 | D:2      | Found a bloodstained altar of Trog.
  1875 | D:3      | Noticed Terence
  1883 | D:3      | Killed Terence
  1884 | D:3      | Reached skill level 5 in Axes
  1884 | D:3      | Reached skill level 1 in Armour
  1884 | D:3      | Reached XP level 4. HP: 37/37 MP: 3/3
  1884 | D:3      | Noticed Sigmund
  1898 | D:3      | Killed Sigmund
  1899 | D:3      | Reached XP level 5. HP: 35/45 MP: 4/4
  2001 | D:3      | Noticed Natasha
  2005 | D:3      | Killed Natasha
  2273 | D:3      | Reached XP level 6. HP: 51/51 MP: 5/5
  2571 | D:4      | Reached skill level 6 in Axes
  2634 | D:4      | Found an ornate altar of the Wu Jian Council.
  2693 | D:4      | Found the +7 Kryia's mail coat {PotionHeal*2 rC+}
  2751 | D:4      | Found Xafunodgh's General Store.
  2777 | D:4      | Found a staircase to the Ecumenical Temple.
  2782 | D:4      | Noticed a water moccasin
  2788 | D:4      | Killed a water moccasin
  2789 | D:4      | Reached skill level 7 in Axes
  2789 | D:4      | Reached XP level 7. HP: 30/57 MP: 6/6
  2883 | D:4      | Bought a +0 vorpal battleaxe for 152 gold pieces
  2936 | Temple   | Entered the Ecumenical Temple
  3146 | Temple   | Became a worshipper of Warmaster Okawaru
  3711 | D:5      | Entered Level 5 of the Dungeon
  3763 | D:5      | Reached skill level 5 in Armour
  3804 | D:5      | Reached skill level 8 in Axes
  4042 | D:5      | Noticed Grinder
  4045 | D:5      | Killed Grinder
  4045 | D:5      | Reached * piety under Okawaru
  4046 | D:5      | Reached XP level 8. HP: 63/67 MP: 7/7
  4262 | D:5      | Reached skill level 5 in Fighting
  4262 | D:5      | Reached skill level 9 in Axes
  4920 | D:6      | Noticed Duvessa
  4920 | D:6      | Noticed Dowan
  4924 | D:6      | Killed Dowan
  4925 | D:6      | Reached skill level 1 in Stealth
  4930 | D:6      | Killed Duvessa
  4930 | D:6      | Reached ** piety under Okawaru
  4931 | D:6      | Reached skill level 10 in Axes
  5469 | D:6      | Reached XP level 9. HP: 72/75 MP: 8/8
  5702 | D:7      | Found Duush's Lightly-Used Armoury.
  5711 | D:7      | Bought a -2 executioner's axe for 1 gold piece
  5801 | D:7      | Reached *** piety under Okawaru
  5883 | D:7      | Reached skill level 11 in Axes
  6455 | D:7      | Noticed Maggie
  6470 | D:7      | Killed Maggie
  6728 | D:8      | Reached skill level 12 in Axes
  6817 | D:8      | Reached **** piety under Okawaru
  6829 | D:8      | Reached XP level 10. HP: 24/86 MP: 9/9
  7274 | D:8      | Reached skill level 13 in Axes
  7302 | D:8      | Reached skill level 5 in Dodging
  7960 | D:8      | Found a shimmering altar of Xom.
  7960 | D:8      | Found a glowing silver altar of Zin.
  7968 | D:8      | Found a glowing golden altar of the Shining One.
  7970 | D:8      | Found an opulent altar of Gozag.
  7972 | D:8      | Found an ancient bone altar of Kikubaaqudgha.
  8136 | D:9      | Reached ***** piety under Okawaru
  8283 | D:9      | Reached skill level 14 in Axes
  8286 | D:9      | HP: 2/90 [yak (4)]
  8810 | D:9      | Found a staircase to the Lair.
  8853 | D:9      | Noticed a two-headed ogre
  8859 | D:9      | Killed a two-headed ogre
  8968 | D:9      | Reached XP level 11. HP: 73/97 MP: 10/10
  9211 | D:9      | Found a staircase to the Orcish Mines.
  9223 | D:9      | Reached skill level 15 in Axes
  9252 | D:9      | HP: 4/97 [orc warrior/+0 glaive (6)]
 10662 | Orc:1    | Entered Level 1 of the Orcish Mines
 10872 | Orc:1    | Identified the +6 scale mail of Contentment {Rampage +Inv
                  | rC+ Str-4} (Okawaru gifted it to you on level 1 of the
                  | Orcish Mines)
 10872 | Orc:1    | Received a gift from Okawaru
 11080 | Orc:1    | Noticed an orc high priest
 11095 | Orc:1    | Slain by an orc warrior

Illustrated notes

Levels and vault maps discovered:
D:1:      dpeg_arrival_pond, layout_basic, shapermc_ecumenical_altar_notcrosses
D:2:      layout_rooms, basic_altar, serial_undead, serial_undead_c,
          serial_undead_d, serial_undead_b, serial_undead_b
D:3:      layout_rooms, lexackson_kobold_supper, uniq_sigmund, uniq_natasha,
          uniq_terence
D:4:      layout_basic, mainiacjoe_overflow_boulevard,
          minmay_temple_entry_stoned_glass, serial_shops,
          nicolae_inconvenience_store
D:5:      layout_loops_corners, uniq_grinder
D:6:      layout_gridville, uniq_duvessa
D:7:      layout_gridville, minmay_shop_damaged, uniq_maggie
D:8:      layout_rooms, chequers_temple_overflow_minitemple
D:9:      layout_loops_ring, minmay_lair_entry_grove,
          minmay_orc_entry_temple_large
Temple:   eino_temple_scatter_basement
Orc:1:    layout_caves, nicolae_orc_pool_cavern

Skill      XL: |  1  2  3  4  5  6  7  8  9 10 11 |
---------------+----------------------------------+-----
Axes           | 4 5 7 8 10 12 14 15 | 15.4
Armour         | 1 2 3 4 5 6 8 9 |  9.3
Fighting       | 3 4 6 7 9 |  9.4
Dodging        | 4 5 |  5.8
Stealth        | 1 2 |  2.1
Throwing       | |  2.3

Action                   |  1- 3 |  4- 6 |  7- 9 | 10-12 || total
-------------------------+-------+-------+-------+-------++-------
Melee: War axe           |    19 |       |       |       ||    19
       Headbutt          |     4 |     8 |    42 |    32 ||    86
       Battleaxe         |    35 |    49 |   167 |   182 ||   433
Throw: Throwing net      |       |       |       |     1 ||     1
  Use: Scroll            |     2 |       |    13 |     6 ||    21
Armor: Leather armour    |    15 |       |       |       ||    15
       Chain mail        |       |    22 |    80 |       ||   102
       Scale mail        |       |       |     5 |       ||     5
       Swamp dragon scal |       |       |     9 |    61 ||    70
Dodge: Dodged            |    60 |    38 |   127 |   135 ||   360
